 Dungeon Crawl Stone Soup version 0.30.0-10-gfe55d96785 (console) character file.

Game seed: 13132786973966038962

179 shmup the Insei (level 5, 0/38 HPs)
             Began as a Demonspawn Transmuter on May 13, 2023.
             Was an Initiate of Nemelex Xobeh.
             Slain by a black bear (3 damage)
             ... on level 3 of the Dungeon.
             The game lasted 00:15:47 (3032 turns).

shmup the Insei (Demonspawn Transmuter)             Turns: 3032, Time: 00:15:48

Health: 0/38       AC:  4    Str: 10    XL:     5   Next: 33%
Magic:  8/8        EV: 12    Int: 17    God:    Nemelex Xobeh [......]
Gold:   154        SH:  0    Dex: 13    Spells: 5/8 levels left

rFire   . .          .
                       - Unarmed
rCold   . . .        (no shield)
rNeg    . . .        a - +0 robe
rPois   .            (no helmet)
rElec   .            (no cloak)
rCorr   .            p - +0 pair of gloves
SInv    .            i - +0 pair of boots
Will    .....        (no amulet)
Stlth   +            (no ring)
HPRegen 0.26/turn    (no ring)
MPRegen 0.22/turn

%: no passive effects
@: no status effects
A: magic regeneration, weakness stinger 2
a: Renounce Religion, Draw Escape, Draw Destruction, Draw Summoning


You were on level 3 of the Dungeon.
You worshipped Nemelex Xobeh.
Nemelex Xobeh was noncommittal.
You visited 1 branch of the dungeon, and saw 4 of its levels.

You collected 154 gold pieces.

Inventory:

Missiles
 f - 23 stones (quivered)
 s - 3 javelins
Armour
 a - a +0 robe (worn)
 i - a +0 pair of boots (worn)
 p - a +0 pair of gloves (worn)
Wands
 u - a wand of paralysis (4)
Scrolls
 d - 2 scrolls of teleportation {unknown}
 e - 3 scrolls of identify {unknown}
 j - 3 scrolls of enchant weapon {unknown}
 k - a scroll of fear {unknown}
 m - a scroll of noise {unknown}
 n - a scroll of torment {unknown}
 o - 3 scrolls of immolation
 r - a scroll of silence {unknown}
 w - a scroll of amnesia {unknown}
Potions
 b - a potion of lignification
 c - 2 potions of flight {unknown}
 g - a potion of degeneration {unknown}
 h - 2 potions of mutation {unknown}
 l - a potion of ambrosia {unknown}
 q - a potion of might {unknown}
 t - a potion of heal wounds {unknown}
 v - a potion of attraction {unknown}
Miscellaneous
 x - a piece from Xom's chessboard (15/15)


   Skills:
 - Level 1.7 Fighting
 - Level 1.8 Dodging
 * Level 4.8 Unarmed Combat
 - Level 2.0 Spellcasting
 + Level 2.8 Transmutations


You had 5 spell levels left.
You knew the following spells:

 Your Spells              Type           Power      Damage    Failure   Level
a - Beastly Appendage     Tmut           22%        N/A       6%          1
b - Wereblood             Tmut           11%        N/A       10%         2

Your spell library contained the following spells:

 Spells                   Type           Power      Damage    Failure   Level
 Apportation              Tloc           2%         N/A       19%         1
 Necrotise                Necr           4%         1d4       19%         1
 Summon Small Mammal      Summ           4%         N/A       19%         1
 Lesser Beckoning         Tloc           2%         N/A       28%         2
 Spider Form              Tmut/Pois      6%         N/A       32%         3
 Call Canine Familiar     Summ           1%         N/A       50%         3
 Gell's Gravitas          Tloc           1%         N/A       50%         3
 Portal Projectile        Hex/Tloc       2%         N/A       50%         3
 Teleport Other           Tloc           1%         N/A       50%         3
 Ice Form                 Ice/Tmut       6%         N/A       73%         4
 Leda's Liquefaction      Hex/Erth       0%         N/A       88%         4
 Iskenderun's Battlesphe  Conj           1%         2d6       99%         5
 Iron Shot                Conj/Erth      0%         9d1       100%        6
 Spellforged Servitor     Conj/Summ      0%         N/A       100%        7


Dungeon Overview and Level Annotations

Branches:
Dungeon (4/15)
 Temple: D:4-7

Altars:
Cheibriados
Nemelex Xobeh
Xom

Annotations:
D:1 exclusion: downstairs
D:2 exclusion: downstairs
D:4 Natasha


Innate Abilities, Weirdness & Mutations

You regenerate magic rapidly.
You have a tail ending in a sharp stinger.


Message History

You barely miss Natasha. You headbutt Natasha!
Natasha is almost dead.
Natasha closely misses you.
The cerulean imp hits you from afar with a +0 spear.
* * * LOW HITPOINT WARNING * * *
Natasha attacks as you move away! Natasha misses you.
Natasha attacks as you move away! Natasha claws you.
* * * LOW HITPOINT WARNING * * *
Natasha stares at you and mumbles some strange words.
You resist with some effort.
A quokka comes into view.
Natasha stares at you and mumbles some strange words.
The magic dart hits you.
* * * LOW HITPOINT WARNING * * *
Natasha casts a spell at you. The magic dart hits you.
* * * LOW HITPOINT WARNING * * *
The quokka completely misses you.
Natasha casts a spell.
Your transformation is almost over.
The cerulean imp closely misses you. The quokka attacks as you move away!
The quokka bites you but does no damage.
The quokka barely misses you. The quokka attacks as you move away!
The quokka barely misses you.
The cerulean imp disappears in a puff of smoke!
The quokka attacks as you move away! The quokka misses you.
Natasha mumbles some strange words.
The quokka bites you but does no damage.
The quokka attacks as you move away! The quokka bites you.
* * * LOW HITPOINT WARNING * * *
There is a stone staircase leading up here.
Natasha mumbles some strange words.
The quokka misses you.
You climb upwards.
Your horns disappear.
Your talons disappear.
Your +0 pair of boots unmelds from your body.
The black bear bites you.
You die...
Your body disappears without a glow.

........▒ ▒.....▒......%....▒
▒▒▒▒▒▒▒'▒▒▒▒▒▒▒.▒▒..▒........▒.+.
▒...........▒▒.....▒....▒..▒.
▒..................._..▒.+.'.
▒.....%...........▒▒.......▒▒
▒............▒.........(▒▒.▒.
▒▒▒▒▒..............▒▒.......▒..▒%
....................▒▒......▒..▒<
......▒▒▒▒▒▒▒▒'▒.>.....▒▒.▒▒▒▒.▒▒
......▒▒▒▒ ▒.▒hr.............▒
.........▒▒ ▒▒.▒6............▒▒▒
.)....▒▒..▒ ▒..▒....+........'.▒
▒▒▒▒.▒▒▒▒'▒▒▒'▒▒▒'▒▒▒........▒.▒
▒.▒▒..▒.......▒..▒........▒.▒
▒.▒▒..▒.......▒..▒........▒.▒
▒..+..+▒▒▒+▒▒▒'..+........+.▒
▒.▒▒..▒.+...'.▒..▒........▒▒▒
▒..▒..▒.▒...▒)▒..▒........▒
▒.+▒▒'.▒._.▒.'▒▒+.▒▒▒▒▒▒▒▒
▒.▒..▒.▒...▒.▒..▒.▒
▒.▒..▒.'...'.▒..▒.▒


You could see a black bear and a quokka.

Vanquished Creatures
  A hound (D:3)
  Ijyb (D:3)
  An orc wizard (D:2)
  A gnoll (D:2)
  2 adders (D:2)
  2 worms
  A dart slug (D:1)
  3 orcs (D:2)
  2 endoplasms
  3 giant cockroaches
  6 hobgoblins
  2 jackals (D:2)
  7 kobolds
  4 quokkas
  10 ball pythons
  2 bats (D:2)
  7 frilled lizards
  6 goblins
  2 rats (D:2)
63 creatures vanquished.

Notes
Turn   | Place    | Note
-------+----------+-------------------------------------------
     0 | D:1      | shmup the Demonspawn Transmuter began the quest for the
                  | Orb.
     0 | D:1      | Reached XP level 1. HP: 15/15 MP: 3/3
   341 | D:1      | Gained mutation: You have a small tail. [demonic ancestry]
   341 | D:1      | Reached XP level 2. HP: 19/21 MP: 3/5
   560 | D:1      | HP: 1/21 [frilled lizard (3)]
   692 | D:1      | Reached skill level 3 in Unarmed Combat
  1033 | D:1      | Learned a level 2 spell: Wereblood
  1139 | D:2      | Reached XP level 3. HP: 27/27 MP: 6/6
  1623 | D:2      | Reached skill level 4 in Unarmed Combat
  1623 | D:2      | Gained mutation: You regenerate magic rapidly. [demonic
                  | ancestry]
  1623 | D:2      | Reached XP level 4. HP: 29/33 MP: 7/7
  2347 | D:3      | Noticed Ijyb
  2349 | D:3      | Paralysed by Ijyb for 3 turns
  2353 | D:3      | Paralysed by Ijyb for 2 turns
  2377 | D:3      | Killed Ijyb
  2453 | D:3      | Found a shimmering altar of Xom.
  2453 | D:3      | Noticed a black bear
  2530 | D:3      | Gained mutation: You have a tail ending in a sharp stinger.
                  | [demonic ancestry]
  2530 | D:3      | Reached XP level 5. HP: 36/38 MP: 6/8
  2551 | D:3      | Found a faded altar of an unknown god.
  2599 | D:3      | Found a sparkling altar of Nemelex Xobeh.
  2617 | D:3      | Became a worshipper of Nemelex Xobeh the Trickster
  2933 | D:4      | Found a snail-covered altar of Cheibriados.
  3007 | D:4      | Noticed Natasha
  3020 | D:4      | HP: 1/38 [Natasha/magic dart (6)]
  3032 | D:3      | Slain by a black bear

Illustrated notes

Levels and vault maps discovered:
D:1:      ebering_trefoil_3fold, layout_loops_cross
D:2:      layout_loops_ring, cheibrodos_gnoll_hut
D:3:      layout_basic, xom_butterflies, mainiacjoe_overflow_24_doors,
          hellmonk_ecumenical_altar_blasted, uniq_ijyb
D:4:      layout_basic, kennysheep_mini_moat, zin_academy, lemuel_doored_altar,
          cheibriados_altar_1, kennysheep_generic_room_3, uniq_natasha

Skill      XL: |  1  2  3 |
---------------+----------+-----
Transmutations | 2 |  2.8
Unarmed Combat | 3 4 |  4.8
Fighting       | |  1.7
Dodging        | |  1.8
Spellcasting   | |  2.0

Action                     |  1- 3 |  4- 6 || total
---------------------------+-------+-------++-------
  Melee: Unarmed           |   105 |    68 ||   173
         Headbutt          |     6 |    12 ||    18
         Kick              |    20 |    12 ||    32
         Tailslap          |    12 |     8 ||    20
         Punch             |     2 |     2 ||     4
   Cast: Beastly Appendage |    20 |    14 ||    34
   Stab: Sleeping          |     2 |       ||     2
 Armour: Robe              |    22 |    19 ||    41
  Dodge: Dodged            |    53 |    48 ||   101
